 Dungeon Crawl Stone Soup version 0.27-a0-887-gcab673c142 (webtiles) character file.

Game seed: 16796513295438342055

8 Alarkh the Insei (level 2, 22/22 HPs)
             Began as a Demonspawn Gladiator on Apr 4, 2021.
             Got out of the dungeon alive.
             The game lasted 00:00:19 (348 turns).

Alarkh the Insei (Demonspawn Gladiator)              Turns: 348, Time: 00:00:20

Health: 22/22      AC:  4    Str: 14    XL:     2   Next: 0%
Magic:  2/2        EV: 12    Int:  9    God:
Gold:   9          SH:  0    Dex: 14    Spells: 1/1 levels left

rFire    . . .     SeeInvis .     - Unarmed
rCold    . . .     Faith    .   (no shield)
rNeg     . . .     Spirit   .   a - +0 leather armour
rPois    .         Reflect  .   b - +0 helmet
rElec    .         Harm     .   (no cloak)
rCorr    .         Rampage  .   (no gloves)
Will     .....                  (no boots)
Stlth    +.........             (no amulet)
HPRegen  0.07/turn              (no ring)
MPRegen  0.08/turn              (no ring)

@: no status effects
A: hooves 1
a: no special abilities


You escaped.
You visited 1 branch of the dungeon, and saw 1 of its levels.

You collected 9 gold pieces.

Inventory:

Missiles
 c - 3 throwing nets (quivered)
Armour
 a - a +0 leather armour (worn)
 b - a +0 helmet (worn)


   Skills:
 + Level 2.2 Fighting
 - Level 1.7 Throwing
 - Level 2.6 Dodging
 * Level 3.1 Unarmed Combat


You had one spell level left.
You didn't know any spells.
Your spell library was empty.

Dungeon Overview and Level Annotations

Branches:
Dungeon (1/15)

Altars:


Innate Abilities, Weirdness & Mutations

You have large cloven feet.


Message History

You closely miss the giant cockroach.
The giant cockroach is severely wounded.
A kobold comes into view. It is wielding a +1 whip of freezing.
The kobold hits you with a +0 dagger. The giant cockroach bites you.
You barely miss the giant cockroach.
The giant cockroach is heavily wounded.
The kobold shouts!
The kobold hits you but does no damage. The giant cockroach barely misses you.
You hit the giant cockroach.
You kill the giant cockroach!
The kobold hits you with a +0 dagger.
Your Unarmed Combat skill increases to level 3!
You hit the kobold.
You kill the kobold!
Found 10 gold pieces.
Things that are here:
a +0 dagger; 4 stones; a kobold corpse The kobold closely misses you.
Found a scroll labelled JARPHU PUAJODESSI.
You closely miss the kobold. Your punch misses the kobold.
The kobold closely misses you.
You hit the kobold but do no damage. The kobold closely misses you.
You hit the kobold.
You kill the kobold!
You have reached level 2!
You feel monstrous as your demonic heritage exerts itself.
Your demonic ancestry asserts itself...
Your feet thicken and deform.
You see here a giant cockroach corpse.
You enter the shallow water.
Moving in this stuff is going to be slow.
You see here a bat skeleton.
You enter the shallow water.
Moving in this stuff is going to be slow.
There is a large open door here.
There is a large open door here.
There is a large open door here.
There is a staircase leading out of the dungeon here.
Are you sure you want to leave the Dungeon?
This will make you lose the game!
You have escaped!

.....# #..#.# ?
...#.####..
##############.≈#
#........
#.#.≈≈.#≈≈≈≈≈#8≈#
#......
#.#.≈≈.#≈...≈#.≈#
#.#).#####..
#.#.≈§§#≈.#.≈#.≈#
.........$.#
#[#.§≈§#≈.#.≈#8≈#
#.#)†#####.
#.#.≈≈.#≈.#.≈#.≈##
#....#
#@'....'..#..'...#
#..#.####^..
#.'....'..#..'...#
###≈.......#
#.#.≈≈.#≈.#.≈#.≈.#
##≈≈≈≈####.#
#.#.≈≈.#≈.#.≈#8≈.#
≈≈≈≈### .
#.#.≈≈.#≈.#.≈#.≈.#
≈≈###...# #
#.#.≈≈.#≈...≈#.≈.#
#### #..##.#
#.#.≈≈.#≈≈≈≈≈#8≈.#
...# #.....
##############.≈.#
##.###..#
......8..≈.#


There were no monsters in sight!

Vanquished Creatures
  A giant cockroach (D:1)
  2 hobgoblins (D:1)
  2 kobolds (D:1)
  2 bats (D:1)
7 creatures vanquished.

Notes
Turn   | Place    | Note
-------+----------+-------------------------------------------
     0 | D:1      | Alarkh the Demonspawn Gladiator began the quest for the
                  | Orb.
     0 | D:1      | Reached XP level 1. HP: 16/16 MP: 1/1
   208 | D:1      | Reached skill level 3 in Unarmed Combat
   214 | D:1      | Gained mutation: You have large cloven feet. [demonic
                  | ancestry]
   214 | D:1      | Reached XP level 2. HP: 15/22 MP: 2/2
   348 | D:$      | Got out of the dungeon alive.

Illustrated notes

Levels and vault maps discovered:
D:1:      lightli_arrival_isolated_outpost, layout_loops_ring,
          shapermc_ecumenical_altar_hornbeckon, chequers_serial_rivers_large_b

Skill      XL: |  1 |
---------------+----+-----
Unarmed Combat | 3 |  3.1
Fighting       | |  2.2
Throwing       | |  1.7
Dodging        | |  2.6

Action                   || total
-------------------------++-------
Melee: Unarmed           ||    30
Armor: Leather armour    ||     8
Dodge: Dodged            ||    17

Table legend: (Time is in decaauts)
 A = Elapsed time spent in this place.
 B = Non-inter-level travel time spent in this place.
 C = Inter-level travel time spent in this place.
 D = Time resting spent in this place.
 E = Time spent auto-exploring this place.
 F = Levels seen in this place.
 G = Mean time per level.
                   A        B        C        D        E       F      G
               +--------+--------+--------+--------+--------+-----+--------+
         Total |    400 |    245 |    155 |      0 |    198 |   1 |  400.0 |
       Dungeon |    400 |    245 |    155 |      0 |    198 |   1 |  400.0 |
               +--------+--------+--------+--------+--------+-----+--------+

Top non-repeatable levels by time:
     D:1: 400 daAuts
